 Dungeon Crawl Stone Soup version 0.28.0 (webtiles) character file.

Game seed: 10417356026728786028

240 Descartes the Grasshopper (level 6, -2/44 HPs)
             Began as a Formicid Warper on Feb 5, 2022.
             Slain by Pikel (14 damage)
             ... on level 3 of the Dungeon.
             The game lasted 00:05:52 (3435 turns).

Descartes the Grasshopper (Formicid Warper)         Turns: 3435, Time: 00:05:52

Health: -2/44      AC: 11    Str: 15 (18) XL:     6   Next: 29%
Magic:  9/9        EV:  4    Int:  9 (12) God:
Gold:   57         SH:  5    Dex:  7 (10) Spells: 9/9 levels left

rFire   + . .      SeeInvis +   t - +7 great sword of Dust {vorpal, rF+ Stlth+}
rCold   . . .      Faith    .   (no shield)
rNeg    . . .      Spirit   .   g - +0 plate armour
rPois   .          Reflect  +   (helmet unavailable)
rElec   .          Harm     .   (no cloak)
rCorr   .          Rampage  .   (no gloves)
Will    .....                   (no boots)
Stlth   ..........              f - amulet of reflection
HPRegen 0.14/turn               (no ring)
MPRegen 0.11/turn               (no ring)

@: no status effects
A: permanent stasis, dig shafts and tunnels, antennae 3, four strong arms
a: Dig, Shaft Self


You were on level 3 of the Dungeon.
You visited 1 branch of the dungeon, and saw 4 of its levels.

You collected 57 gold pieces.

Inventory:

Hand Weapons
 h - a +2 whip of venom
 t - the +7 great sword of Dust (weapon) {vorpal, rF+ Stlth+}
   (You found it on level 3 of the Dungeon)

   It inflicts extra damage upon your enemies.
   rF:        It protects you from fire.
   Stlth:     It makes you more stealthy.
Missiles
 c - 5 boomerangs of dispersal (quivered)
 d - 140 stones
 j - 3 boomerangs
 k - 17 sling bullets
Armour
 g - a +0 plate armour (worn)
Magical Staves
 l - a staff of air
 o - a staff of conjuration
Jewellery
 f - an amulet of reflection (around neck)
Scrolls
 p - a scroll of magic mapping {unknown}
 q - a scroll of teleportation {unknown}
 r - 2 scrolls of noise {unknown}
 s - a scroll of identify {unknown}
Potions
 a - a potion of curing {unknown}
 b - a potion of flight {unknown}
 e - a potion of heal wounds {unknown}
 i - a potion of degeneration
 m - a potion of magic
 n - 2 potions of ambrosia {unknown}


   Skills:
 - Level 2.1 Fighting
 + Level 0.4 Long Blades
 - Level 2.8(3.3) Axes
 - Level 2.4(3.1) Maces & Flails
 - Level 1.0 Throwing
 + Level 3.5 Armour
 - Level 1.7 Dodging
 - Level 2.1 Spellcasting
 + Level 4.0 Translocations


You had 9 spell levels left.
You didn't know any spells.
Your spell library contained the following spells:

 Spells                   Type           Power      Damage    Failure   Level
 Gell's Gravitas          Tloc           8%         N/A       100%        3
 Lesser Beckoning         Tloc           8%         N/A       100%        3
 Teleport Other           Tloc           8%         N/A       100%        3
 Manifold Assault         Tloc           8%         N/A       100%        5
 Blink                    Tloc           Unusable   N/A       N/A         2

Dungeon Overview and Level Annotations

Branches:
Dungeon (4/15)
 Temple: D:4-7

Altars:
Fedhas

Annotations:
D:3 Pikel


Innate Abilities, Weirdness & Mutations

You cannot be hasted, slowed, berserked, paralysed or teleported.
You can dig through walls and to a lower floor.
You have a pair of large antennae on your head. (SInv)
Your four strong arms can wield two-handed weapons with a shield.


Message History

The lemure hits you but does no damage. The lemure hits you.
* * * LOW HITPOINT WARNING * * *
You closely miss the lemure.
The lemure is severely wounded.
The lemure hits you.
* * * LOW HITPOINT WARNING * * *
You slash the lemure!
You kill the lemure!
That felt strangely unrewarding.
HP restored.
Partly explored, can't reach some places.
You climb downwards.
Level annotation: Pikel You block Pikel's attack.
The lemure hits you.
Pikel hits you with a +1 whip of electrocution.
There is a stone staircase leading up here.
The lemure hits you but does no damage. Pikel hits you but does no damage.
You climb upwards.
There is a stone staircase leading down, spattered with blood here.
You closely miss Pikel. The lemure hits you but does no damage.
Pikel hits you but does no damage. You block the lemure's attack.
You closely miss Pikel. You block Pikel's attack. The lemure barely misses you.
Pikel hits you with a +1 whip of electrocution!
The lemure barely misses you.
Pikel hits you with a +1 whip of electrocution.
You are electrocuted!
Pikel says, "You'll rot in Tartarus!"
You slash Pikel!
Pikel is moderately wounded.
Pikel hits you with a +1 whip of electrocution.
Pikel closely misses you.
It was a potion of degeneration.
There was something very wrong with that liquid.
You feel weakened.
You feel dopey.
You feel clumsy.
Pikel hits you with a +1 whip of electrocution.
It was a potion of magic.
Magic courses through your body.
Pikel hits you with a +1 whip of electrocution.
* * * LOW HITPOINT WARNING * * *
You are electrocuted!
You die...

#.......##.# #.##. ######
#.......#♣.♣#♣###.### ## #....#
#..................# .#
#....#####.......#♣#♣#♣.....# .#
#.......##.......#.....)....# .#
#.......##.......#...#......#
♣♣♣♣♣♣♣♣♣..##.......#...#......#
...........#######......#.#'#'##
♣♣♣♣♣♣♣♣♣.......@K5...>.#.#.#.#
#.....# ######.###.###..#.#.#.#
#.....#### #...........#.#.#.#
.........## #....#.##...#.#.#.#
#.#.......# #....#.##...#.#.#.#
#.#.....P.# #....#......#.#.#.#
#.#....P.P###....#####..#.#.#.###
#.##.P.P.P.##...........#.#<#....
#.##..♣♣♣♣.##...######.##.#######


You could see Pikel and a lemure.

Vanquished Creatures
  A lemure (D:3)
  A scorpion (D:3)
  2 orc priests
  An orc wizard (D:1)
  3 adders
  2 worms
  A dart slug (D:2)
  2 orcs (D:1)
  A bat (D:1)
  6 endoplasms
  5 giant cockroaches
  4 goblins
  5 hobgoblins (D:1)
  8 kobolds
  2 quokkas
  8 ball pythons
  5 frilled lizards
  3 rats
60 creatures vanquished.

Notes
Turn   | Place    | Note
-------+----------+-------------------------------------------
     0 | D:1      | Descartes the Formicid Warper began the quest for the Orb.
     0 | D:1      | Reached XP level 1. HP: 16/16 MP: 3/3
   220 | D:1      | Reached XP level 2. HP: 22/22 MP: 5/5
   545 | D:1      | Reached skill level 3 in Translocations
   706 | D:1      | Reached XP level 3. HP: 24/27 MP: 6/6
  1285 | D:1      | Reached skill level 1 in Maces & Flails
  1285 | D:1      | Reached XP level 4. HP: 8/33 MP: 7/7
  1543 | D:2      | Reached XP level 5. HP: 17/38 MP: 8/8
  2262 | D:2      | Found a faded altar of an unknown god.
  2539 | D:3      | Reached XP level 6. HP: 44/44 MP: 9/9
  2588 | D:3      | Found a blossoming altar of Fedhas.
  2652 | D:3      | Identified the +7 great sword of Dust {vorpal, rF+ Stlth+}
  2825 | D:3      | Reached skill level 4 in Translocations
  3122 | D:4      | Noticed Pikel
  3435 | D:3      | Slain by Pikel

Illustrated notes

Levels and vault maps discovered:
D:1:      dpeg_arrival_tiny_i, layout_rooms
D:2:      layout_loops_ring, basic_ecumenical_altar
D:3:      layout_basic, old_standard_altar, serial_forest,
          infiniplex_forest_end_1, infiniplex_forest_clump_double,
          infiniplex_forest_straight_2, infiniplex_forest_3_way,
          infiniplex_forest_straight_3, infiniplex_forest_clump_tiny,
          infiniplex_forest_lined_corner, infiniplex_forest_lined_corner,
          dk_vineyard_2
D:4:      layout_basic, mainiacjoe_overflow_tiny_flanked,
          lemuel_temple_firewalk_a, serial_co_window_serial, co_window_paths_a,
          co_window_of_opportunity_a, co_window_corner_a,
          co_window_of_opportunity_a, co_window_paths_b,
          co_window_of_opportunity_c, co_window_broadway_a, co_window_corner_ca,
          co_window_paths_d, glass_columns_a, glass_columns_a, minivault_27,
          abandoned_shop, uniq_pikel

Skill      XL: |  1  2  3  4  5  6 |
---------------+-------------------+-----
Translocations | 3 4 |  4.0
Armour         | 2 3 |  3.5
Maces & Flails | 1 2 |  2.4
Fighting       | |  2.1
Long Blades    | |  0.4
Axes           | |  2.8
Throwing       | |  1.0
Dodging        | |  1.7
Spellcasting   | |  2.1

Action                   |  1- 3 |  4- 6 || total
-------------------------+-------+-------++-------
Melee: Hand axe          |    68 |       ||    68
       Punch             |     2 |       ||     2
       Whip              |    15 |    54 ||    69
       Great sword       |       |    26 ||    26
  Use: Potion            |       |     2 ||     2
Armor: Leather armour    |    12 |       ||    12
       Plate armour      |    23 |    46 ||    69
Dodge: Dodged            |    38 |    19 ||    57
Block: Other             |     4 |    11 ||    15
       Reflection        |     1 |     1 ||     2
